 Dungeon Crawl Stone Soup version 0.17.0-24-gcfadda4 (webtiles) character file.

249 Rationalist the Shield-Bearer (level 6, -6/48 HPs)
             Began as a Formicid Fighter on Nov 15, 2015.
             Mangled by an ogre
             ... wielding a +0 giant club
              (9 damage)
             ... on level 4 of the Dungeon.
             The game lasted 00:08:37 (4726 turns).

Rationalist the Shield-Bearer (Formicid Fighter)    Turns: 4726, Time: 00:08:37

Health: -6/48      AC:  3    Str: 20    XL:     6   Next: 34%
Magic:  6/6        EV: 11    Int:  8    God:
Gold:   174        SH: 10    Dex: 12    Spells: 0 memorised, 5 levels left

rFire  . . .     SeeInvis +     a - +1 war axe
rCold  . . .     Clarity  +     l - +0 leather armour
rNeg   . . .     SustAt   .     c - +0 shield
rPois  .         Gourm    .     (helmet unavailable)
rElec  .         Spirit   .     (no cloak)
rCorr  .         Warding  .     (no gloves)
rMut   .         Stasis   +     (no boots)
MR     .....                    m - amulet of clarity
Stlth  ++........               (no ring)
                                g - ring of stealth

@: not resistant to hostile enchantments, unstealthy
A: permanent stasis, dig shafts and tunnels, four strong arms, antennae 3
a: Dig, Shaft Self


You were on level 4 of the Dungeon.
You were not hungry.

You visited 1 branch of the dungeon, and saw 4 of its levels.

You collected 264 gold pieces.
You spent 90 gold pieces at shops.

Inventory:

Hand Weapons
 a - a +1 war axe (weapon)
Missiles
 o - 7 tomahawks (quivered)
 t - 23 poisoned needles
 y - 10 sling bullets
 E - 34 bolts
Armour
 c - a +0 shield (worn)
 l - a +0 leather armour (worn)
Jewellery
 g - a ring of stealth (left hand)
 m - an amulet of clarity (around neck)
Scrolls
 b - a scroll of magic mapping {unknown}
 f - a scroll of enchant weapon
 j - a scroll of remove curse
 n - a scroll of teleportation {unknown}
 q - a scroll of random uselessness {unknown}
 v - a scroll of identify {unknown}
 x - a scroll of enchant armour {unknown}
 G - a scroll of recharging {unknown}
Potions
 d - a potion of might
 h - 4 potions of curing
 i - a potion of cure mutation {unknown}
 k - 2 potions of heal wounds {unknown}
 p - a potion of resistance {unknown}
 r - a potion of flight {unknown}
 z - a potion of degeneration {unknown}
 B - a potion of brilliance {unknown}
 D - a potion of agility {unknown}
Books
 u - a Fen Folio

   Spells                             Type                      Level
   a - Corpse Rot                     Necromancy                   2
   b - Stone Arrow                    Conjuration/Earth            3
   c - Leda's Liquefaction            Hexes/Earth                  4
   d - Summon Forest                  Summoning/Translocation      5
   e - Hydra Form                     Transmutation                6
   f - Summon Hydra                   Summoning                    7
Comestibles
 e - 5 bread rations
 s - 4 meat rations
 w - a royal jelly
 A - a slice of pizza
 C - 3 fruits
 F - a chunk of flesh


   Skills:
 + Level 4.1 Fighting
 + Level 3.2 Axes
 + Level 3.9 Armour
 + Level 2.1 Dodging
 + Level 1.1 Stealth
 + Level 5.2 Shields


You had 5 spell levels left.
You didn't know any spells.

Dungeon Overview and Level Annotations

Branches:
Dungeon (4/15)
 Temple: D:4-7

Altars:
Zin


Innate Abilities, Weirdness & Mutations

You are under a permanent stasis effect.
You can dig through walls and to a lower floor.
Your four strong arms can wield two-handed weapons with a shield.
You have a pair of large antennae on your head (SInv).


Message History

The ogre hits you with a giant club!
You hit the ogre.
The ogre is moderately wounded.
You block the ogre's attack.
You barely miss the ogre.
The ogre is moderately wounded.
The ogre completely misses you.
You barely miss the ogre.
The ogre is moderately wounded.
You block the ogre's attack. The ogre hits you with a giant club!
You slash the ogre!
The ogre is heavily wounded.
The ogre hits you with a giant club!!
* * * LOW HITPOINT WARNING * * *
You hit the ogre.
The ogre is severely wounded.
The ogre closely misses you.
Are you sure you want to shaft yourself?
You feel somewhat more hungry. The ogre hits you with a giant club!
You die...

##.#####.)..........
###...## ##..........#
#......####....###..##
##.##....##.....# ....
#.####........... ...
#.# ##..#.####... ..
##.####..##.. #..
#...##..###.. ..
###.#O@## #.###.# #.#
##. #.# .# ### .. #..
.. ..<


You could see an ogre.

Vanquished Creatures
  A phantom (D:4)
  An orc priest (D:3)
  5 adders
  An ooze (D:2)
  2 worms (D:2)
  10 orcs (D:3)
  5 ball pythons
  4 giant cockroaches
  5 goblins
  5 hobgoblins
  A quokka (D:3)
  9 bats
  2 giant newts (D:2)
  6 jackals
  13 kobolds
  A quokka skeleton (D:4)
  6 rats
77 creatures vanquished.

Notes
Turn   | Place    | Note
--------------------------------------------------------------
     0 | D:1      | Rationalist the Formicid Fighter began the quest for the Orb.
     0 | D:1      | Reached XP level 1. HP: 18/18 MP: 1/1
   199 | D:1      | Reached XP level 2. HP: 20/24 MP: 2/2
   276 | D:1      | Reached skill level 4 in Shields
   640 | D:2      | Reached XP level 3. HP: 10/29 MP: 3/3
  1355 | D:2      | You fall through a shaft!
  2038 | D:3      | Found Zin's Purification Station.
  2075 | D:3      | Found a glowing silver altar of Zin.
  2102 | D:3      | Reached skill level 1 in Dodging
  2102 | D:3      | Reached XP level 4. HP: 22/35 MP: 4/4
  2138 | D:3      | Bought a potion of curing for 90 gold pieces
  2567 | D:3      | Reached XP level 5. HP: 27/42 MP: 5/5
  3412 | D:2      | Reached skill level 5 in Shields
  4267 | D:4      | Noticed a phantom
  4293 | D:4      | Killed a phantom
  4293 | D:4      | Reached skill level 1 in Stealth
  4293 | D:4      | Reached XP level 6. HP: 24/48 MP: 6/6
  4714 | D:4      | Noticed an ogre
  4724 | D:4      | HP: 2/48 [ogre/giant club (20)]
  4726 | D:4      | Mangled by an ogre

Action                   |  1- 3 |  4- 6 || total
-------------------------+-------+-------++-------
Melee: War axe           |    96 |   152 ||   248
 Abil: Shaft Self        |     1 |     1 ||     2
       Dig               |     1 |       ||     1
  Use: Potion            |     1 |       ||     1
       Scroll            |       |     2 ||     2
 Stab: Sleeping          |     1 |       ||     1
  Eat: Meat ration       |     1 |       ||     1
       Chunk             |       |     8 ||     8
